[Event "9. Korbacher Open 2017"]
[Site "Korbach"]
[Date "2017.10.22"]
[Round "6"]
[White "Hoekstra, Peter"]
[Black "Dudink, Bas"]
[Result "0-1"]
[ECO "D10"]
[WhiteElo "2074"]
[BlackElo "1951"]
[Annotator "NA"]
[PlyCount "36"]
[EventDate "2017.??.??"]
[EventType "swiss"]
[EventCountry "GER"]
[SourceTitle "playchess.com"]
[Source "ChessBase"]
[SourceQuality "1"]
[TimeControl "40/5400+30:1800+30"]

1. d4 d5 2. c4 c6 3. Nc3 Nf6 4. e3 a6 5. Qc2 g6 {[%emt 0:02:08] D10: Slav Defence: 3 cxd5 (without early Nf3) and 3 Nc3} (5... b5 6. b3 g6 7. Bd3 Bg7 8. Nf3 O-O 9. O-O Nbd7 10. Bb2 Bb7 11. h3 dxc4 12. bxc4 c5 13. Qe2 cxd4 14. exd4 bxc4 15. Bxc4 {0-1 (46) Bluebaum,M (2634)-Aronian,L (2774) Karlsruhe 2017}) 6. Nf3 Bf5 7. Qb3 Ra7 {[%emt 0:01:03] LiveBook: 5 Games} 8. Bd2 Bg7 9. Be2 O-O 10. O-O Ne4 $146 ({Predecessor:} 10... dxc4 11. Bxc4 b5 12. Be2 c5 13. dxc5 Nbd7 14. Qa3 Qc7 15. b4 Ne4 16. Rfd1 {1-0 (29) Iturrizaga Bonelli,E (2652)-Asenov,P (2257) London 2016}) 11. cxd5 Nxc3 12. bxc3 cxd5 13. c4 dxc4 14. Bxc4 b5 15. Be2 Be6 16. Qb2 $11 Nc6 17. Rfc1 Qb6 18. Rc5 Qxc5 0-1

[Event "9. Korbacher Open 2017"]
[Site "Korbach"]
[Date "2017.10.22"]
[Round "6"]
[White "Koellner, Christof"]
[Black "Thomas, Ingo"]
[Result "1/2-1/2"]
[ECO "D10"]
[WhiteElo "2073"]
[BlackElo "2129"]
[Annotator "NA"]
[PlyCount "42"]
[EventDate "2017.??.??"]
[EventType "swiss"]
[EventCountry "GER"]
[SourceTitle "playchess.com"]
[Source "ChessBase"]
[SourceQuality "1"]
[TimeControl "40/5400+30:1800+30"]

1. d4 d5 2. c4 c6 3. cxd5 cxd5 4. Nc3 Nf6 5. f3 {[%emt 0:00:30] D10: Slav Defence: 3 cxd5 (without early Nf3) and 3 Nc3} (5. Bf4 Nc6 6. e3 Bf5 7. Qb3 Na5 8. Qa4+ Bd7 9. Qc2 e6 10. Bd3 Be7 11. Nf3 Nc6 12. a3 Nh5 13. Be5 f6 14. Bf4 Nxf4 15. exf4 g6 {½-½ (80) Rapport,R (2675)-Najer,E (2707) Tbilisi 2017}) 5... Nc6 6. e4 e6 7. e5 {[%emt 0:00:00] LiveBook: 4 Partien} Nd7 8. f4 f5 9. Nf3 Be7 10. Be3 a6 $146 ({Predecessor:} 10... Nb6 11. b3 Bd7 12. Bd3 {½-½ (25) Wright,S-Neff,E Vancouver 2000}) 11. Rc1 Na5 12. Bd3 b5 13. b3 Bb7 14. O-O Nc6 15. Bb1 Rc8 16. Ne2 $14 Qb6 17. Qe1 O-O 18. Qg3 Nd8 19. Rxc8 Bxc8 20. Qh3 Nb8 21. Bf2 Nf7 1/2-1/2

[Event "9. Korbacher Open 2017"]
[Site "Korbach"]
[Date "2017.10.22"]
[Round "6"]
[White "Rutz, Matthias"]
[Black "Van de Griend, Johan"]
[Result "1-0"]
[ECO "D00"]
[WhiteElo "2046"]
[BlackElo "1797"]
[Annotator "NA"]
[PlyCount "113"]
[EventDate "2017.??.??"]
[EventType "swiss"]
[EventCountry "GER"]
[SourceTitle "playchess.com"]
[Source "ChessBase"]
[SourceQuality "1"]
[TimeControl "40/5400+30:1800+30"]

1. d4 d5 2. Bf4 e6 3. e3 Bd6 4. Nf3 Bxf4 5. exf4 Nf6 {[%emt 0:01:09] D02: Damenbauernspiele} 6. c3 O-O 7. Bd3 (7. Nbd2 c5 8. dxc5 Qc7 9. g3 Nbd7 10. Nb3 a5 11. a4 e5 12. fxe5 Nxe5 13. Nxe5 Qxe5+ {½-½ (40) Hasangatin,R (2509)-Popov,I (2618) Sochi 2017}) 7... Nbd7 8. Nbd2 c5 9. O-O Qb6 10. Rb1 Qc7 $146 ({Vorgänger:} 10... Nb8 11. dxc5 Qxc5 12. g3 Nc6 13. Nb3 Qb6 14. Re1 Bd7 15. Qd2 a5 16. Qe3 Qc7 {½-½ (27) Kataev,S (2385)-Godes,D (2405) Tel Aviv 1994}) 11. g3 c4 12. Bc2 b5 13. Ne5 Rb8 14. Qe2 a5 15. Rfe1 g6 16. Ndf3 b4 17. Qe3 b3 18. axb3 cxb3 19. Bd3 Nb6 20. Rec1 Nc4 21. Qe2 Ba6 22. Ra1 $14 Bb5 23. Nd2 Nxd2 24. Bxb5 Nde4 25. Bd3 Nd6 26. Ra4 Rb4 27. Raa1 Rbb8 28. Ra3 Qb6 29. Rca1 Ra8 30. g4 Ra7 31. h4 Rb8 32. Kg2 Kg7 33. Qd1 Nc4 34. Bxc4 dxc4 35. Qf3 Rc8 36. Ra4 Qb5 37. Kg3 Nd5 38. g5 Ne7 39. Kh3 Nf5 40. Qe2 Nd6 41. Ng4 Qf5 42. Qe5+ Qxe5 43. Nxe5 Ne4 44. Kg2 Nd6 45. Rxa5 Rac7 46. Ra7 Nb5 47. Rxc7 Rxc7 48. Ra4 Nd6 49. Kf3 f6 50. Ng4 fxg5 51. hxg5 Nb5 52. Ne5 Nd6 53. Ra6 Nb5 54. Rb6 Na7 55. Rxe6 Nc8 56. Ke4 Ne7 57. d5 1-0

[Event "9. Korbacher Open 2017"]
[Site "Korbach"]
[Date "2017.10.22"]
[Round "6"]
[White "Dijkhuis, Oele"]
[Black "Schmidt, Andre"]
[Result "1-0"]
[ECO "B07"]
[WhiteElo "2035"]
[BlackElo "2154"]
[Annotator "NA"]
[PlyCount "71"]
[EventDate "2017.??.??"]
[EventType "swiss"]
[EventCountry "GER"]
[SourceTitle "playchess.com"]
[Source "ChessBase"]
[SourceQuality "1"]
[TimeControl "40/5400+30:1800+30"]

1. e4 d6 2. d4 Nf6 3. Nc3 c6 4. f3 Nbd7 5. Be3 e5 6. Nge2 Be7 7. Qd2 O-O 8. Ng3 Re8 9. Nf5 Bf8 10. O-O-O Qc7 (10... d5 $11) 11. g4 exd4 $14 12. Nxd4 Nc5 13. h4 b5 14. g5 Nh5 15. Nxc6 Ng3 16. Nd4 Nxh1 17. Bxb5 Bd7 18. Rxh1 Rab8 19. b3 Qa5 20. a4 Rec8 21. Bxd7 Nxd7 22. Nd5 Qa6 23. h5 Nc5 24. Kb1 Nxa4 25. Nf5 Rb7 26. h6 Rcb8 27. b4 Rxb4+ 28. Nxb4 Qc4 29. Kc1 Nc3 30. hxg7 Bxg7 31. Qh2 Ne2+ 32. Kd1 Nc3+ 33. Ke1 h5 34. gxh6 Bf6 35. Qg2+ Kh7 36. Qg7+ 1-0

[Event "9. Korbacher Open 2017"]
[Site "Korbach"]
[Date "2017.10.22"]
[Round "6"]
[White "Van Randtwijk, Mick"]
[Black "Stork, Oliver"]
[Result "0-1"]
[ECO "B19"]
[WhiteElo "2028"]
[BlackElo "2176"]
[Annotator "NA"]
[PlyCount "106"]
[EventDate "2017.??.??"]
[EventType "swiss"]
[EventCountry "GER"]
[SourceTitle "playchess.com"]
[Source "ChessBase"]
[SourceQuality "1"]
[TimeControl "40/5400+30:1800+30"]

1. e4 c6 2. d4 d5 3. Nc3 dxe4 4. Nxe4 Bf5 5. Ng3 Bg6 6. h4 h6 7. Nf3 Nd7 8. h5 Bh7 {[%emt 0:00:05] LiveBook: 6505 Games} 9. Bd3 Bxd3 10. Qxd3 e6 11. Bd2 Ngf6 12. O-O-O Be7 13. Kb1 Qb6 14. Rhe1 O-O 15. Nf5 exf5 16. Rxe7 Qd8 17. Re2 Ne4 18. g3 Ndf6 19. Nh4 Qd7 20. Qf3 Qxd4 21. Nxf5 Qe5 22. Bc1 Rfe8 23. Rde1 Re6 24. g4 Rae8 25. Ka1 Qc5 26. Be3 Qc4 27. Nd4 Rd6 28. Nb3 $17 Red8 29. Bc1 Ng5 30. Bxg5 hxg5 31. a3 Qxg4 32. Re8+ Rxe8 33. Rxe8+ Kh7 34. Qxg4 Nxg4 35. Re7 Nxf2 36. Rxf7 Ne4 37. Re7 Nf6 38. Nc5 g4 39. Nd3 Nxh5 40. Re4 Nf6 41. Re2 Kh6 42. Re5 Rd5 43. Re3 Kg5 44. Kb1 Kh4 45. Kc1 Rxd3 46. cxd3 g3 47. Kd2 g2 48. Re1 Kg3 49. Ke2 Ng4 50. Ra1 Kh2 51. Kf3 Ne5+ 52. Ke4 Nxd3 53. Kxd3 g1=Q {[%emt 0:00:00] Kd4} 0-1

[Event "9. Korbacher Open 2017"]
[Site "Korbach"]
[Date "2017.10.22"]
[Round "6"]
[White "Rubina, Tatiana"]
[Black "Nemetz, Markus"]
[Result "1/2-1/2"]
[ECO "B92"]
[WhiteElo "2022"]
[BlackElo "1951"]
[Annotator "NA"]
[PlyCount "86"]
[EventDate "2017.??.??"]
[EventType "swiss"]
[EventCountry "GER"]
[SourceTitle "playchess.com"]
[Source "ChessBase"]
[SourceQuality "1"]
[TimeControl "40/5400+30:1800+30"]

1. e4 c5 2. Nf3 d6 3. d4 cxd4 4. Nxd4 Nf6 5. Nc3 a6 6. Be2 e5 7. Nb3 {[%emt 0:00:07] LiveBook: 6218 Games} Be6 8. O-O Be7 9. f4 O-O {[%emt 0:04:51] B92: Sicilian Najdorf: 6 Be2} 10. Kh1 exf4 11. Bxf4 d5 (11... Nc6 12. Qe1 d5 13. exd5 Nxd5 14. Rd1 Bb4 15. Bf3 Nce7 16. Be5 Bxc3 17. Bxc3 Qc7 18. Be5 Qxc2 19. Be4 Qc8 20. Qg3 {0-1 (35) Jakovenko,D (2736)-Naiditsch,A (2689) Moscow 2009}) 12. e5 Ne4 13. Bd3 $146 ({Predecessor:} 13. Nxe4 dxe4 14. Nd4 Nc6 15. Nxe6 fxe6 16. Bc4 Nd4 17. Qg4 Qc8 {1-0 (55) Delorme,A (2328)-Idrisov,T (2191) Kemer 2007}) 13... Nxc3 14. bxc3 Nc6 15. Nd4 Nxd4 16. cxd4 $14 Qd7 17. Qf3 f5 18. a4 Bb4 19. Qf2 Rac8 20. Bd2 Bc3 21. Bxc3 Rxc3 22. Qd2 Rc6 23. Rab1 h6 24. Rb4 g5 25. Rfb1 Rc7 26. Rb6 f4 27. Rd6 Qf7 28. Rf1 Rc6 29. Rxc6 bxc6 30. Qa5 g4 31. Qxa6 Bd7 32. Qb7 f3 33. gxf3 gxf3 34. Rf2 Kh8 35. Qb1 Qf4 36. c3 Qe3 37. Qf1 Bg4 38. a5 Kg7 39. Qg1 Qxd3 40. Qxg4+ Kh8 41. Qh3 Qe3 42. Rf1 Rg8 43. Rf2 Rf8 1/2-1/2

[Event "9. Korbacher Open 2017"]
[Site "Korbach"]
[Date "2017.10.22"]
[Round "6"]
[White "Maar, Samuel"]
[Black "Shkolnyk, Boris"]
[Result "1-0"]
[ECO "C05"]
[WhiteElo "1998"]
[BlackElo "1812"]
[Annotator "NA"]
[PlyCount "67"]
[EventDate "2017.??.??"]
[EventType "swiss"]
[EventCountry "GER"]
[SourceTitle "playchess.com"]
[Source "ChessBase"]
[SourceQuality "1"]
[TimeControl "40/5400+30:1800+30"]

1. e4 e6 2. d4 d5 3. Nd2 Nf6 4. e5 Nfd7 5. Bd3 c5 6. c3 b6 7. Ne2 Ba6 8. Bc2 Nc6 9. Nf3 Be7 10. O-O Rc8 11. Re1 Bxe2 12. Rxe2 cxd4 13. cxd4 Nb4 14. Bb3 O-O 15. a3 Nc6 16. Bc2 Re8 $16 17. Re3 Nf8 18. Bd2 Ng6 19. Rc1 Rf8 20. Rc3 Nxd4 21. Nxd4 Rxc3 22. Bxc3 Bg5 23. Rb1 Qc7 24. Qg4 Bh6 25. Re1 Rd8 26. h4 a5 27. h5 Nf8 28. f4 Qc5 29. Kh2 b5 30. Bxa5 Qxd4 31. Bxd8 Bxf4+ 32. Kh1 Qf2 33. Bh4 Qxc2 34. Qxf4 1-0

[Event "9. Korbacher Open 2017"]
[Site "Korbach"]
[Date "2017.10.22"]
[Round "6"]
[White "Lesny, Florian"]
[Black "Trienekens, Tjark"]
[Result "1-0"]
[ECO "B35"]
[WhiteElo "1997"]
[BlackElo "1865"]
[Annotator "NA"]
[PlyCount "111"]
[EventDate "2017.??.??"]
[EventType "swiss"]
[EventCountry "GER"]
[SourceTitle "playchess.com"]
[Source "ChessBase"]
[SourceQuality "1"]
[TimeControl "40/5400+30:1800+30"]

1. e4 c5 2. Nf3 Nc6 3. d4 cxd4 4. Nxd4 g6 5. Nc3 Bg7 6. Be3 Nf6 7. Bc4 O-O {[%emt 0:09:01] LiveBook: 3303 Games} 8. Bb3 a6 9. f3 e6 10. Qd2 Na5 $14 11. g4 Nxb3 12. Nxb3 d5 13. O-O-O Bd7 14. g5 Nh5 15. exd5 exd5 16. Nxd5 Bc6 17. Bb6 Qxd5 18. Qxd5 Bxd5 19. Rxd5 Nf4 20. Rd7 Rac8 21. Kb1 Rfe8 22. Nd4 Nh3 23. Rxb7 Rb8 24. Rxb8 Rxb8 25. Bc5 Rc8 26. Nb3 Nxg5 27. f4 Ne4 28. Be3 Re8 29. Bc1 Nf2 30. Rf1 Re2 31. Nc5 a5 32. Nb3 Ne4 33. Nxa5 Rxh2 34. Nb3 Nd6 35. a4 Re2 36. Rd1 Bf8 37. a5 Re8 38. Bd2 Nc4 39. Bc3 Bd6 40. Rd4 Rc8 41. a6 Bf8 42. Rd7 Ra8 43. a7 h5 44. Bd4 h4 45. Bf2 h3 46. Rd3 Bd6 47. Rxh3 Bxf4 48. Rc3 Ne5 49. Nc1 Ng4 50. Bd4 Be5 51. Bxe5 Nxe5 52. Rc7 g5 53. b4 Nc6 54. Rxc6 Rxa7 55. Nd3 g4 56. Rf6 1-0

[Event "9. Korbacher Open 2017"]
[Site "Korbach"]
[Date "2017.10.22"]
[Round "6"]
[White "Ohst, Holger"]
[Black "Bluebaum, Johanna"]
[Result "1/2-1/2"]
[ECO "A11"]
[WhiteElo "1986"]
[BlackElo "1955"]
[Annotator "NA"]
[PlyCount "86"]
[EventDate "2017.??.??"]
[EventType "swiss"]
[EventCountry "GER"]
[SourceTitle "playchess.com"]
[Source "ChessBase"]
[SourceQuality "1"]
[TimeControl "40/5400+30:1800+30"]

1. c4 c6 2. g3 d5 3. Bg2 Nf6 4. Nf3 Bg4 5. cxd5 cxd5 6. d4 Nc6 7. Nc3 e6 {[%emt 0:00:31] D13: Damengambit (Slawische Verteidigung, Abtauschvariante)} 8. O-O {[%emt 0:01:49] LiveBook: 3 Games} Be7 9. Ne5 Bf5 10. Nxc6 bxc6 11. Bg5 (11. Bf4 O-O 12. Rc1 Qa5 13. Na4 Rfc8 14. a3 Qb5 15. Re1 {0-1 (40) Hausrath,D (2537)-Smeets,J (2619) Netherlands 2014}) 11... h6 12. Bf4 O-O 13. Rc1 Qb6 14. Na4 Qb5 15. h3 $146 ({Vorgänger:} 15. f3 Rfc8 16. Kh1 Bg6 17. b3 {½-½ (25) Bilek,I (2395)-Lukacs,P (2490) Hungary 1995}) 15... Rfc8 16. g4 Bg6 17. b3 Nd7 18. Nc3 Qa5 19. Qd2 Ba3 20. Rcd1 Bb4 21. Rc1 c5 22. Bd6 Rc6 $19 23. dxc5 Nxc5 24. Nxd5 exd5 25. Qxd5 Rac8 26. Rc4 Qb6 27. Bf4 Re6 28. Be3 Qa5 29. Qd4 Rd8 30. Rxc5 Bxc5 31. Qxc5 Qxa2 32. Bd5 Rxd5 33. Qxd5 Qxe2 34. Bxa7 Be4 35. Qd1 Qa6 36. Bc5 Qc6 37. b4 Bg2 38. Qd8+ Re8 39. Qxe8+ Qxe8 40. Kxg2 Qe4+ 41. f3 Qd5 42. Rf2 h5 43. Re2 hxg4 1/2-1/2

[Event "9. Korbacher Open 2017"]
[Site "Korbach"]
[Date "2017.10.22"]
[Round "6"]
[White "Tschoepe, Nino"]
[Black "Braun, Ingram"]
[Result "1/2-1/2"]
[ECO "A43"]
[WhiteElo "1978"]
[BlackElo "2042"]
[Annotator "NA"]
[PlyCount "35"]
[EventDate "2017.??.??"]
[EventType "swiss"]
[EventCountry "GER"]
[SourceTitle "playchess.com"]
[Source "ChessBase"]
[SourceQuality "1"]
[TimeControl "40/5400+30:1800+30"]

1. d4 c5 2. d5 d6 3. e4 g6 4. Nc3 Bg7 5. Bb5+ Bd7 6. a4 Nf6 7. h3 O-O 8. Nf3 Na6 {[%emt 0:01:50] LiveBook: 53 Partien} 9. O-O Nb4 10. Re1 Rb8 11. Bf4 h6 12. Qd2 Kh7 13. Rad1 Ne8 14. e5 Rc8 $18 (14... Bxb5 $16 {was worth a try.} 15. Nxb5 (15. axb5 g5 $16) 15... a6) 15. Bxd7 Qxd7 16. Re2 Rd8 17. Qe3 Nc7 18. Qe4 1/2-1/2

[Event "9. Korbacher Open 2017"]
[Site "Korbach"]
[Date "2017.10.22"]
[Round "6"]
[White "Duzy, Stefan"]
[Black "Andersen, Lars Christoff"]
[Result "0-1"]
[ECO "C11"]
[WhiteElo "1935"]
[BlackElo "2107"]
[Annotator "NA"]
[PlyCount "44"]
[EventDate "2017.??.??"]
[EventType "swiss"]
[EventCountry "GER"]
[SourceTitle "playchess.com"]
[Source "ChessBase"]
[SourceQuality "1"]
[TimeControl "40/5400+30:1800+30"]

1. e4 e6 2. d4 d5 3. Nc3 Nf6 4. e5 Nfd7 5. f4 c5 6. Nf3 Nc6 7. Be3 Be7 8. dxc5 {[%emt 0:01:31] C11: French: Classical System: 4 e5 and 4 Bg5 dxe4} (8. Qd2 a6 9. a3 b5 10. Bd3 Bb7 11. O-O O-O 12. Kh1 f5 13. Qf2 Rc8 14. Rg1 b4 15. axb4 Nxb4 16. g4 g6 17. gxf5 Nxd3 18. cxd3 Rxf5 {0-1 (40) Kasparov,G (2812)-Caruana,F (2807) Saint Louis 2017}) 8... Nxc5 9. Qd2 O-O 10. O-O-O a6 11. Qf2 b6 12. f5 {[%emt 0:14:32] LiveBook: 4 Games} f6 $146 ({Predecessor:} 12... Ra7 13. f6 gxf6 14. Bh6 Kh8 15. Bxf8 Qxf8 16. Nd4 Nxe5 17. Be2 {0-1 (35) Soumya,S (2370)-Goganov,A (2627) Riga 2016}) 13. Bc4 Qe8 14. Nxd5 exd5 15. Bxd5+ Kh8 16. e6 Bb7 17. Bf4 Rd8 18. Bc7 $19 (18. Kb1 $17 {was called for.}) 18... Rxd5 19. Rxd5 Nb4 20. Bxb6 Ne4 21. Qd4 Bxd5 22. a3 Qa4 0-1

[Event "9. Korbacher Open 2017"]
[Site "Korbach"]
[Date "2017.10.22"]
[Round "6"]
[White "Petras, Nils"]
[Black "Li, Zhuoling"]
[Result "1/2-1/2"]
[ECO "A05"]
[WhiteElo "1922"]
[BlackElo "2007"]
[Annotator "NA"]
[PlyCount "94"]
[EventDate "2017.??.??"]
[EventType "swiss"]
[EventCountry "GER"]
[SourceTitle "playchess.com"]
[Source "ChessBase"]
[SourceQuality "1"]
[TimeControl "40/5400+30:1800+30"]

1. Nf3 Nf6 2. c4 g6 3. Nc3 d5 4. cxd5 Nxd5 5. g3 Bg7 6. Bg2 O-O 7. O-O Nb6 8. b3 Nc6 9. Bb2 a5 10. d3 Bf5 11. Qd2 Qd7 12. Rac1 $11 Bh3 13. Ne4 Bxg2 14. Kxg2 e5 15. Nc5 Qc8 16. e4 a4 17. Rc2 axb3 18. axb3 Nd7 19. Rfc1 Nxc5 20. Rxc5 Qe6 21. Qc3 Ra2 22. b4 Nd4 23. Nxd4 exd4 24. Qc2 c6 25. b5 cxb5 26. Rxb5 Bh6 27. Rb1 Rc8 28. Qb3 Qxb3 29. Rxb3 Bg7 30. Rxb7 h5 31. Ba1 Rd2 32. Rb8 Rxb8 33. Rxb8+ Kh7 34. Rb3 h4 35. gxh4 Kh6 36. Bb2 Rd1 37. Ba3 Bf6 38. Bc5 Rc1 39. Bb4 Rc2 40. Bf8+ Kh7 41. Rb7 Kg8 42. Be7 Bxe7 43. Rxe7 Rd2 44. Rd7 Rxd3 45. Kf1 Kf8 46. Ke2 Rh3 47. Rxd4 Rxh4 1/2-1/2

[Event "9. Korbacher Open 2017"]
[Site "Korbach"]
[Date "2017.10.22"]
[Round "6"]
[White "Wuestehube, Harry"]
[Black "Vlaming, Jos"]
[Result "1/2-1/2"]
[ECO "C00"]
[WhiteElo "1906"]
[BlackElo "2136"]
[Annotator "NA"]
[PlyCount "72"]
[EventDate "2017.??.??"]
[EventType "swiss"]
[EventCountry "GER"]
[SourceTitle "playchess.com"]
[Source "ChessBase"]
[SourceQuality "1"]
[TimeControl "40/5400+30:1800+30"]

1. e4 e6 2. d3 d5 3. Nd2 c5 4. Ngf3 Nc6 5. g3 $1 g6 6. Bg2 Bg7 7. O-O Nge7 8. Re1 O-O 9. c3 b6 10. h4 {[%emt 0:01:57] LiveBook: 6 Partien} h6 11. Qe2 Ba6 $11 12. exd5 Qxd5 13. Nc4 Bxc4 14. dxc4 Qf5 15. Bf4 Rad8 16. Rad1 Rxd1 17. Rxd1 e5 18. Bc1 Qc8 19. Nh2 Kh7 20. Qd3 f5 21. Nf1 e4 22. Qe2 Ne5 23. Nh2 Rd8 24. f3 Rxd1+ 25. Qxd1 exf3 26. Nxf3 Nxc4 27. Qe2 Ne5 28. Nxe5 Qe6 29. Bf4 g5 30. hxg5 Ng6 31. gxh6 Bxe5 32. Bxe5 Qxe5 33. Qxe5 Nxe5 34. Bh3 Kxh6 35. Bxf5 Kg5 36. Bb1 Nc4 1/2-1/2

[Event "9. Korbacher Open 2017"]
[Site "Korbach"]
[Date "2017.10.22"]
[Round "6"]
[White "Goetz, Jan"]
[Black "Schmidt, Matthias"]
[Result "1/2-1/2"]
[ECO "D70"]
[WhiteElo "1890"]
[BlackElo "2031"]
[Annotator "NA"]
[PlyCount "73"]
[EventDate "2017.??.??"]
[EventType "swiss"]
[EventCountry "GER"]
[SourceTitle "playchess.com"]
[Source "ChessBase"]
[SourceQuality "1"]
[TimeControl "40/5400+30:1800+30"]

1. d4 Nf6 2. c4 g6 3. f3 d5 4. cxd5 Nxd5 5. e4 Nb6 6. Nc3 Bg7 7. Be3 Nc6 8. Bb5 {[%emt 0:02:46] D70: Grünfeld: Unusual White 3rd moves (met by ...d5)} O-O 9. Nge2 {[%emt 0:00:18] LiveBook: 14 Games} Bd7 10. Qd2 $146 ({Predecessor:} 10. O-O Na5 11. b3 Bxb5 12. Nxb5 Qd7 13. Nbc3 Rad8 14. Qd2 Nc6 15. Rad1 Qc8 {1-0 (38) Navara,D (2710)-Ftacnik,L (2544) Czechia 2013}) 10... Nb4 11. b3 c6 12. Bc4 e5 13. d5 cxd5 14. Bxd5 N6xd5 15. Nxd5 Nxd5 16. Qxd5 Bc6 17. Qxd8 Rfxd8 18. Rd1 Rxd1+ 19. Kxd1 Bf8 20. Nc3 Bb4 21. Bd2 Rd8 22. Kc2 f6 23. Nb1 $15 Be7 24. a4 a6 25. Ba5 Rd7 26. Bb6 Bb4 27. Rd1 Rxd1 28. Kxd1 f5 29. exf5 gxf5 30. Nd2 Kf7 31. Nc4 Ke6 32. Ke2 e4 33. f4 Bd5 34. Ke3 Bc3 35. Ke2 Bb4 36. Ke3 Bc3 37. Ke2 {Ke5 Ke1+} 1/2-1/2

[Event "9. Korbacher Open 2017"]
[Site "Korbach"]
[Date "2017.10.22"]
[Round "6"]
[White "Kirchner, Markus"]
[Black "Meyer, Marcel"]
[Result "1/2-1/2"]
[ECO "B14"]
[WhiteElo "1884"]
[BlackElo "1740"]
[Annotator "NA"]
[PlyCount "71"]
[EventDate "2017.??.??"]
[EventType "swiss"]
[EventCountry "GER"]
[SourceTitle "playchess.com"]
[Source "ChessBase"]
[SourceQuality "1"]
[TimeControl "40/5400+30:1800+30"]

1. e4 c6 2. d4 d5 3. exd5 cxd5 4. c4 Nf6 5. Nc3 e6 6. Bg5 Bb4 7. Nf3 Nc6 8. Bd3 O-O 9. O-O dxc4 10. Bxc4 Be7 11. Bf4 a6 12. a3 b5 13. Bb3 Na5 14. Bc2 Bb7 15. Ng5 ({White should try} 15. Ne5 $15) 15... g6 16. Re1 (16. Nge4 $142) 16... Nd5 (16... Nh5 $17 17. Nh3 Nxf4 18. Nxf4 Bg5) 17. Nxd5 Bxd5 $4 {[%emt 0:00:10] [#]} (17... Bxg5 $17 {stays on course.} 18. Bc7 Qxd5) 18. Qg4 $11 ({Weiss kommt nicht vorbei an} 18. Nxh7 $1 $18 Re8 (18... Kxh7 19. Qh5+) 19. Qg4) 18... Rc8 19. Bd3 Nc4 20. b3 Nb6 21. Re3 Bxg2 22. Nxh7 Qxd4 23. Bxg6 Qxa1+ 24. Kxg2 Qg7 25. Rg3 fxg6 26. Qxe6+ Qf7 27. Rxg6+ Kxh7 28. Rh6+ Kg8 29. Qg4+ Qg7 30. Rg6 Bf6 31. Bh6 Qxg6 32. Qxg6+ Kh8 33. Bxf8 Rxf8 34. Qh6+ Kg8 35. Qg6+ Kh8 36. Qh6+ 1/2-1/2

[Event "9. Korbacher Open 2017"]
[Site "Korbach"]
[Date "2017.10.22"]
[Round "6"]
[White "Timar-Geng, Zoltan"]
[Black "Sanati, Charlotte"]
[Result "1/2-1/2"]
[ECO "D00"]
[WhiteElo "1859"]
[BlackElo "2098"]
[Annotator "NA"]
[PlyCount "58"]
[EventDate "2017.??.??"]
[EventType "swiss"]
[EventCountry "GER"]
[SourceTitle "playchess.com"]
[Source "ChessBase"]
[SourceQuality "1"]
[TimeControl "40/5400+30:1800+30"]

1. d4 d5 2. Bf4 Nf6 3. e3 c5 4. c3 Nc6 5. Nd2 Bf5 6. Ngf3 e6 7. Nh4 Bg6 8. Qb3 Qc8 9. Nxg6 hxg6 10. h3 Be7 11. Be2 {[%emt 0:00:10] LiveBook: 3 Games} O-O 12. O-O Qd7 13. Nf3 c4 14. Qc2 b5 15. Ne5 Nxe5 16. Bxe5 $11 Nh7 17. e4 Ng5 18. exd5 exd5 19. Bg4 Qc6 20. Rfe1 Rae8 21. Bf4 Ne4 22. Bf3 Bg5 23. Bxe4 Bxf4 24. Bf3 Bc7 25. Kf1 Qd6 26. g3 Re6 27. Bg2 Rfe8 28. Rxe6 Qxe6 29. Qd2 Qf5 1/2-1/2

[Event "9. Korbacher Open 2017"]
[Site "Korbach"]
[Date "2017.10.22"]
[Round "6"]
[White "Koerber, Thomas"]
[Black "Lehmann, Tim"]
[Result "1/2-1/2"]
[ECO "A48"]
[WhiteElo "1857"]
[BlackElo "1865"]
[Annotator "NA"]
[PlyCount "50"]
[EventDate "2017.??.??"]
[EventType "swiss"]
[EventCountry "GER"]
[SourceTitle "playchess.com"]
[Source "ChessBase"]
[SourceQuality "1"]
[TimeControl "40/5400+30:1800+30"]

1. Nf3 Nf6 2. d4 g6 3. c3 Bg7 4. Bg5 d6 5. Bxf6 Bxf6 6. e4 Nd7 7. Nbd2 c5 8. Bb5 O-O 9. O-O a6 10. Bc4 b5 11. Be2 Bb7 12. Re1 Qb6 13. d5 Rfe8 14. Rb1 a5 $11 ({Black should try} 14... c4 $17 15. b3 Bxc3 16. bxc4 b4) 15. a4 b4 16. Bb5 Qc7 17. cxb4 axb4 18. Nc4 e5 19. b3 Red8 20. Rc1 Ba6 21. Bc6 Rab8 22. Ne3 Bg7 23. Rc2 Rf8 24. Ng5 h6 25. Nh3 Nf6 1/2-1/2

[Event "9. Korbacher Open 2017"]
[Site "Korbach"]
[Date "2017.10.22"]
[Round "6"]
[White "Forgach, Andreas"]
[Black "Rehbein, Ullrich"]
[Result "1/2-1/2"]
[ECO "B28"]
[WhiteElo "1851"]
[BlackElo "1778"]
[Annotator "NA"]
[PlyCount "52"]
[EventDate "2017.??.??"]
[EventType "swiss"]
[EventCountry "GER"]
[SourceTitle "playchess.com"]
[Source "ChessBase"]
[SourceQuality "1"]
[TimeControl "40/5400+30:1800+30"]

1. e4 c5 2. Nf3 a6 3. c4 Nc6 4. d4 cxd4 5. Nxd4 g6 6. Nc3 Bg7 7. Be3 Nf6 $14 {[%emt 0:09:36] LiveBook: 3 Partien} 8. Be2 Qc7 9. O-O e6 10. Rc1 O-O 11. h3 Qb8 12. b3 d6 13. Qd2 Re8 14. Rfd1 d5 15. cxd5 exd5 16. exd5 Ne7 17. Nf3 Nf5 18. Bf4 Qa7 19. g4 Ne7 20. d6 Nc6 21. Be3 Qb8 22. Ng5 Bd7 23. Nd5 Nxd5 24. Qxd5 Ne5 25. Rc7 Bc6 26. Rxc6 bxc6 1/2-1/2

[Event "9. Korbacher Open 2017"]
[Site "Korbach"]
[Date "2017.10.22"]
[Round "6"]
[White "Basovskiy, Jana"]
[Black "Hildebrand, Georg"]
[Result "1-0"]
[ECO "B00"]
[WhiteElo "1825"]
[BlackElo "1477"]
[Annotator "NA"]
[PlyCount "91"]
[EventDate "2017.??.??"]
[EventType "swiss"]
[EventCountry "GER"]
[SourceTitle "playchess.com"]
[Source "ChessBase"]
[SourceQuality "1"]
[TimeControl "40/5400+30:1800+30"]

1. e4 b6 2. d4 Bb7 3. Nc3 e6 4. Bd3 Be7 5. Nf3 h6 6. O-O Bg5 7. Nxg5 hxg5 8. Qg4 Rh4 $18 (8... Nh6 $142 9. Qxg5 Qxg5 10. Bxg5 Na6) 9. Qxg5 Qxg5 10. Bxg5 Rh8 11. Bf4 d6 12. e5 d5 13. Nb5 Kd7 14. c4 a6 15. Nc3 Ne7 16. Rac1 Nbc6 17. cxd5 Nxd4 18. dxe6+ Nxe6 19. Bg3 Rad8 20. Rfd1 Kc8 21. f4 g6 22. Bb1 Rxd1+ 23. Rxd1 Rd8 24. Rxd8+ Kxd8 25. Kf2 Ng7 26. Ne4 Bxe4 27. Bxe4 Nh5 28. Kf3 Nxg3 29. Kxg3 Kd7 30. Kh4 Ke6 31. Kg5 c5 32. g4 b5 33. Bb7 a5 34. Ba6 b4 35. Bc4+ Nd5 36. Bb3 a4 37. Bc4 f6+ 38. exf6 Kd6 39. f7 a3 40. f8=Q+ Ne7 41. Qd8+ Kc6 42. Qxe7 axb2 43. Qe6+ Kb7 44. Bd5+ Ka7 45. Qc6 b1=Q 46. Qb7# 1-0